[Event "5th Sharjah Masters 2022"]
[Site "Sharjah"]
[Date "2022.05.26"]
[Round "6.35"]
[White "Zawadzka, Jolanta"]
[Black "Ortega Amarelle, Mariano"]
[Result "1/2-1/2"]
[ECO "C45"]
[WhiteElo "2409"]
[BlackElo "2476"]
[Annotator "TA"]
[PlyCount "139"]
[EventDate "2022.05.21"]
[EventType "swiss"]
[EventCountry "UAE"]
[SourceTitle "playchess.com"]
[Source "ChessBase"]
[SourceQuality "1"]
[TimeControl "5400+30"]

1. e4 e5 2. Nf3 Nc6 3. d4 exd4 4. Nxd4 Qf6 5. Nf3 Bb4+ 6. c3 {[%emt 0:00:28] C45: Scotch Game.} Bc5 7. Be2 h6 8. O-O Nge7 {[%emt 0:01:43] [#]} 9. a4 $146 ({Predecessor:} 9. Nbd2 O-O 10. Nc4 d5 11. exd5 Rd8 12. Be3 Rxd5 13. Qb3 Rb8 14. Rad1 Bxe3 15. Nxe3 Rxd1 16. Rxd1 {1-0 (43) Tomczak,J (2604)-Gumularz,S (2512) Polanica Zdroj 2021}) 9... O-O 10. Na3 a6 {[%emt 0:13:21] Inhibits Nb5.} 11. Nc2 d6 12. b4 Bb6 13. a5 Ba7 14. Ra3 Qg6 15. Bd3 Bh3 {[%emt 0:04:12][%csl Gh3][%cal Rg6g2] [#]} 16. Nh4 Qf6 17. Qh5 (17. Nf3 $11 Be6 18. Ne3) 17... Ne5 18. Be2 {[%emt 0:06:10] Inhibits Bg4.} Bg4 19. Bxg4 {[%emt 0:00:12] Dancing on a razor blade.} g6 20. Nxg6 fxg6 21. Qh3 Bxf2+ 22. Kh1 {[%emt 0:00:05] [#] Be6+ is the strong threat.} Qh4 23. Qxh4 Bxh4 24. Bf3 Bg5 25. Bxg5 hxg5 26. Raa1 Rf6 27. Kg1 Raf8 28. Nd4 N7c6 29. Be2 Rxf1+ {[%emt 0:03:01] The position is equal.} 30. Bxf1 Nd8 {[%emt 0:00:10] Inhibits Ne6.} 31. b5 axb5 32. Nxb5 Ne6 33. a6 bxa6 34. Rxa6 Kg7 35. Ra7 Rf7 36. Be2 Kf6 37. Bd1 c6 38. Rxf7+ Nxf7 $11 {[%emt 0:00:02][%mdl 4096] Endgame KBN-KNN} 39. Nd4 Ned8 40. Kf2 Ne5 41. Ba4 c5 42. Nb5 Ke7 43. Nc7 Ndf7 44. Nd5+ Ke6 45. Nc7+ Ke7 46. Nd5+ Kf8 47. Nc7 Kg7 48. Ne8+ Kf8 49. Nc7 Ke7 50. Nd5+ Ke6 51. Nc7+ Kf6 52. Nd5+ Kg7 53. Nc7 Kf8 54. Bb5 Ng4+ 55. Kf3 Nfe5+ 56. Kg3 Ke7 57. Nd5+ Kf7 58. Be2 Nf6 59. Nxf6 Kxf6 {[%emt 0:00:02] KB-KN} 60. Kf2 Nd7 61. Bb5 Ne5 62. Be2 Ke6 63. Ke3 Kd7 64. Bb5+ Kc7 65. h3 Kd8 66. g3 Ke7 67. Be2 Kf6 68. Bb5 Ke6 69. Be2 Nc6 70. Bc4+ {[%emt 0:01:10] Weighted Error Value: White=0.04 (flawless) /Black=0.03 (flawless)} 1/2-1/2

[Event "5th Sharjah Masters 2022"]
[Site "Sharjah"]
[Date "2022.05.26"]
[Round "6.36"]
[White "Mammadzada, Gunay"]
[Black "Kamalidenova, Meruert"]
[Result "1-0"]
[ECO "C82"]
[WhiteElo "2454"]
[BlackElo "2408"]
[Annotator "TA"]
[PlyCount "125"]
[EventDate "2022.05.21"]
[EventType "swiss"]
[EventCountry "UAE"]
[SourceTitle "playchess.com"]
[Source "ChessBase"]
[SourceQuality "1"]
[TimeControl "5400+30"]

1. e4 e5 2. Nf3 Nc6 3. Bb5 a6 4. Ba4 Nf6 5. O-O Nxe4 6. d4 b5 7. Bb3 d5 8. dxe5 Be6 9. c3 Bc5 10. Nbd2 O-O 11. Bc2 Nxf2 12. Rxf2 f6 13. Nf1 $1 {[%emt 0:08:30][%mdl 4] is now more promising than 13.exf6. C82: Open Ruy Lopez: 9 c3 without 9...Be7.} Bxf2+ 14. Kxf2 fxe5 {[%emt 0:00:14] Hoping for ...e4.} 15. Kg1 {[%emt 0:00:03][%cal Oc2h7] The position is equal.} Qd7 16. a4 {[%emt 0:00:52] [#]} Rae8 $146 ({Black should play} 16... e4 $11 17. Nd4 Bg4) ({Predecessor:} 16... e4 17. Nd4 Ne5 18. b4 Bg4 19. Qe1 Rae8 20. Qg3 Rf6 21. axb5 axb5 22. Bf4 Nd3 {1-0 (42) Zink,D (2237)-Reed,A (2218) ICCF email 2019}) 17. Ng5 $14 Bf5 18. axb5 (18. Ne3 Bxc2 19. Qxc2 e4 $15) (18. Bxf5 {keeps more tension.} Rxf5 19. Ne3 Rff8 20. Qxd5+ Qxd5 21. Nxd5 Rd8 22. Ne3) 18... axb5 19. Bxf5 (19. Ne3 Bxc2 20. Qxc2 e4 $15) 19... Rxf5 ({Less strong is} 19... Qxf5 20. Qxd5+ Kh8 21. Be3 $16) 20. Ne3 $1 Rxg5 (20... Rff8 $14) 21. Nxd5 $16 Rxg2+ 22. Kxg2 Nd4 23. Ne3 ({Don't do} 23. cxd4 $6 Qxd5+ 24. Qf3 Qxd4 $14) 23... Qc6+ 24. Kg3 Rf8 $2 (24... Qd6 {is more resistant.}) 25. cxd4 $18 exd4 26. Qb3+ (26. Ng2 $18) 26... Kh8 $16 {[%emt 0:00:45] ( -> ...Qf3+)} 27. Qd5 {[%emt 0:00:07] Inhibits Qf3+.} Qg6+ 28. Ng4 {[%emt 0:00:08] And now Ra8 would win.} h5 {[%emt 0:05:02][%csl Gh5][%cal Rg6g4][%mdl 64] Pin} 29. Qxd4 {[%emt 0:05:48][%cal Oh2h3] Strongly threatening h3!} c5 30. Qd1 hxg4 31. Bf4 (31. Qe2 $16) 31... Qf6 $2 (31... Qe4 $1 $11 {and Black stays safe.} 32. Qxg4 Qd3+ 33. Kh4 Qh7+ 34. Kg3 Qd3+ 35. Kg2 Qe4+ 36. Kg3 Qd3+) 32. Qxg4 Qxb2 33. Qh5+ Kg8 {[%emt 0:00:22] [#]} 34. Qd5+ Kh7 35. Qxc5 Qxa1 (35... Qf6 $142 36. Rf1 Qg6+ 37. Kf3 (37. Kh3 $2 Rf5 $19) 37... Rf5) 36. Qxf8 $18 Qe1+ 37. Kg4 Qd1+ 38. Kg5 {[%emt 0:01:36] Intending Qf5+ and mate.} Qg1+ 39. Kf5 Qb1+ 40. Kg5 {[%emt 0:00:43] White threatens Qf5+ and mate.} Qg1+ $1 {[%emt 0:00:22] [#]} 41. Bg3 $1 Qe3+ 42. Kg4 Qe2+ 43. Qf3 Qc4+ 44. Qf4 {[%emt 0:01:13] Threatening mate with Qxc4.} Qe2+ 45. Kf5 Kg8 46. Qe5 Qc2+ 47. Ke6 Qb1 48. Qf5 Qb4 49. Bd6 Qc4+ 50. Qd5 {[%emt 0:00:10] White wants to mate with Qxc4.} Qe2+ 51. Be5 b4 52. Qd8+ Kh7 53. Qh4+ Kg6 $2 (53... Kg8 $18 54. Qxb4 Qf3) 54. Qxb4 $2 (54. Qg3+ Kh5 55. Qxg7 Qc4+ 56. Kd6 b3 57. Bc3 Qb5 58. Qf7+ Kg4 59. Qg6+ Kf3 60. Qg3+ Ke4 61. Qe5+ Qxe5+ 62. Bxe5) 54... Kh5 $2 (54... Qa2+ $18 55. Kd6 Qa6+ 56. Kd7 Qa7+ 57. Kc6 Qa8+ 58. Kc7 Qa7+ 59. Kd8 Kh7) 55. Qc5 $2 (55. Qf4 {mates} Qa2+ 56. Ke7 Qa7+ 57. Kf8 g6 58. Bd6 Qd7 59. Qf6 Qc6 60. Kg7) 55... g5 $2 (55... Kh6 $18 56. Qc1+ Kh7) 56. Qf8 {[%emt 0:01:13] White mates.} Qc4+ 57. Kf6 Qc6+ 58. Qd6 Qa4 59. Kg7 Qa7+ 60. Qc7 Qe3 61. Qf7+ Kh4 {[%emt 0:01:18] [#]} 62. Kh6 $1 Qb6+ (62... Kh3 63. Qh5+) 63. Qg6 {[%emt 0:00:33] Weighted Error Value: White=0.48/Black=0.67} 1-0

[Event "5th Sharjah Masters 2022"]
[Site "Sharjah"]
[Date "2022.05.26"]
[Round "6.37"]
[White "Vogt, Lothar"]
[Black "Dimakiling, Oliver"]
[Result "0-1"]
[ECO "C65"]
[WhiteElo "2365"]
[BlackElo "2420"]
[Annotator "TA"]
[PlyCount "93"]
[EventDate "2022.05.21"]
[EventType "swiss"]
[EventCountry "UAE"]
[SourceTitle "playchess.com"]
[Source "ChessBase"]
[SourceQuality "1"]
[TimeControl "5400+30"]

1. e4 e5 2. Nf3 Nc6 3. Bb5 Nf6 4. d3 Ne7 5. d4 c6 6. dxe5 {[%emt 0:04:35] [#] C65: Ruy Lopez: Berlin Defence (3...Nf6), unusual lines and 4 0-0 Bc5.} Qa5+ $146 (6... Nxe4 $11 7. Bd3 Nc5) ({Predecessor:} 6... Nxe4 7. Bd3 Nc5 8. O-O Nxd3 9. Qxd3 Ng6 10. Nc3 d5 11. exd6 Bxd6 12. Re1+ Be7 13. Qxd8+ Kxd8 {1-0 (34) Firouzja,A (2728)-Hess,R (2591) Chess.com INT 2020}) 7. Nbd2 Qxb5 8. exf6 {[%emt 0:00:08] White is better.} gxf6 9. c4 Qh5 10. Nf1 Qc5 11. b3 d5 12. Be3 Qa5+ {[%emt 0:00:19] [#]} 13. Bd2 $1 Qa6 14. exd5 cxd5 15. Ne3 dxc4 16. O-O ({Don't play} 16. Nxc4 Rg8 $14) 16... Be6 17. Nxc4 O-O-O 18. Rc1 {[%emt 0:05:05] White wants to mate with Nb6+.} Nc6 19. Qc2 Kb8 20. Bf4+ (20. Na5 $5) 20... Ka8 21. a4 (21. Rfd1 $5 Bc5 22. a4 $11) 21... Bc5 {[%emt 0:06:44] Threatens to win with ...Nb4. This bishop pair is nice.} (21... Nb4 $5 22. Qe4 Bd5 $11) 22. Rfd1 Bxc4 23. Qxc4 Qxc4 24. bxc4 b6 25. Kf1 Na5 26. Rxd8+ Rxd8 27. Ke2 {[%emt 0:00:24] Against Rd3} Kb7 28. Nd2 Bb4 29. Nf3 Kc6 30. Rc2 Nb7 31. Be3 Bc5 32. Rc3 a5 33. Nd2 Re8 34. Nb3 f5 35. Kf3 Re4 36. Nd2 {[%emt 0:00:56] [#]} (36. g3 $11) 36... Bb4 $1 $17 {[%emt 0:00:52] Black is more active.} 37. Rd3 (37. Rc2 $17 Bxd2 38. Bxd2) 37... Bxd2 $19 38. Bxd2 (38. Rxd2 $142 Rxc4 39. Ra2) 38... Rxc4 {[%emt 0:00:08][%mdl 4096] Endgame KRB-KRN} 39. Ke2 Rxa4 40. Rh3 Ra2 41. Rxh7 Nd6 42. Kd3 Ne4 43. Be3 Nxf2+ 44. Bxf2 $2 (44. Kc4 Ne4 45. Kd3) 44... Rxf2 {[%emt 0:00:05] Black is clearly winning.} 45. Rg7 a4 {[%emt 0:00:26] Hoping for ...a3.} 46. Ke3 {[%emt 0:00:20] [#]} a3 $1 {[%emt 0:01:58] ...Rf1 is the strong threat.} 47. Kd4 {[%emt 0:08:47] Weighted Error Value: White=0.35/Black=0.08 (flawless)} (47. Rg8 a2) 0-1

[Event "5th Sharjah Masters 2022"]
[Site "Sharjah"]
[Date "2022.05.26"]
[Round "6.38"]
[White "Injac, Teodora"]
[Black "Al Hosani, Omran"]
[Result "1/2-1/2"]
[ECO "E11"]
[WhiteElo "2384"]
[BlackElo "2191"]
[Annotator "TA"]
[PlyCount "75"]
[EventDate "2022.05.21"]
[EventType "swiss"]
[EventCountry "UAE"]
[SourceTitle "playchess.com"]
[Source "ChessBase"]
[SourceQuality "1"]
[TimeControl "5400+30"]

1. d4 Nf6 2. c4 e6 3. Nf3 Bb4+ 4. Bd2 a5 5. a3 Bxd2+ 6. Qxd2 O-O 7. Nc3 {[%emt 0:00:56] E11: Bogo-Indian.} d5 $1 {[%emt 0:00:29][%mdl 4] Inhibits e4. is currently scoring better than 7...d6.} 8. e3 b6 9. cxd5 {[%emt 0:06:54] White is slightly better.} exd5 10. Bd3 Bb7 11. O-O (11. Ne5 {keeps more tension.} Nbd7 12. f4 Ne4 13. Nxe4 dxe4 14. Bb5) 11... Nbd7 12. b4 {[%emt 0:09:53] [#]} axb4 $146 ({Predecessor:} 12... c6 13. bxa5 Rxa5 14. a4 Qe7 15. Qc2 g6 16. Rfe1 c5 17. Bb5 Ne4 18. Nxe4 dxe4 19. Nd2 Rc8 20. Qb2 Bd5 21. Rec1 Raa8 22. Bxd7 Qxd7 23. Qxb6 Rc6 {½-½ (23) Siddharth,J (2331)-Kosic,D (2425) Arandjelovac 2022}) 13. axb4 c6 14. Rxa8 Qxa8 15. Qb2 Qb8 16. h3 Qc7 17. Ra1 g6 18. Nd2 Ra8 19. Rxa8+ Bxa8 20. Qa3 Bb7 21. Nb3 Qd6 22. Na2 Kg7 23. Qa7 Qb8 24. Qxb8 Nxb8 25. b5 cxb5 26. Nb4 Nc6 27. Nc2 b4 {[%emt 0:01:24] Threatens to win with ...Na5.} 28. Nc1 Kf8 29. Bb5 Ke7 30. Bxc6 {[%emt 0:03:02][%mdl 64] [#] Remove Defender} Bxc6 31. Nxb4 $11 {[%emt 0:00:02][%mdl 4096] Endgame KBN-KNN} Kd6 32. f3 Bb5 33. Kf2 Bc4 34. Ne2 b5 35. Nc3 Nd7 36. e4 Nb6 37. Ke3 f6 38. h4 {[%emt 0:13:42] Weighted Error Value: White=0.05 (flawless) /Black=0.06 (flawless)} 1/2-1/2

[Event "5th Sharjah Masters 2022"]
[Site "Sharjah"]
[Date "2022.05.26"]
[Round "6.39"]
[White "Ammar, Sedrani"]
[Black "Begmuratov, Khumoyun"]
[Result "1/2-1/2"]
[ECO "A45"]
[WhiteElo "2255"]
[BlackElo "2384"]
[Annotator "TA"]
[PlyCount "40"]
[EventDate "2022.05.21"]
[EventType "swiss"]
[EventCountry "UAE"]
[SourceTitle "playchess.com"]
[Source "ChessBase"]
[SourceQuality "1"]
[TimeControl "5400+30"]

1. d4 Nf6 2. Bg5 Ne4 3. Bf4 Nc6 4. Nd2 Nxd2 5. Qxd2 d5 6. e3 {[%emt 0:00:15] A45: Trompowsky Attack.} a6 7. Bd3 Bg4 {[%emt 0:01:05][%cal Bc8g4,Bg4h5,Bh5g6][%mdl 32] [#]} 8. c3 $146 {[%emt 0:03:44] White is slightly better.} ({Predecessor:} 8. h3 Bh5 9. Nf3 Bxf3 10. gxf3 e6 11. c3 Bd6 12. e4 Qd7 13. e5 Be7 14. b4 {0-1 (44) Bendayan Claros,A (2159)-Dauner,B (2321) Chess.com INT 2022}) 8... e6 9. Ne2 Bd6 10. f3 {[%emt 0:04:09] [#] Threatens to win with Bxd6.} Bh5 11. O-O Bg6 12. e4 dxe4 13. fxe4 e5 14. Be3 (14. Bg5 $5 f6 15. d5 $11) 14... exd4 15. cxd4 O-O 16. Rad1 Bb4 17. Qc2 Ba5 {[%emt 0:00:28] The position is equal.} 18. a3 {[%emt 0:01:10] Inhibits Nb4.} Bb6 19. Qc3 Qe7 20. Ng3 Rad8 {[%emt 0:11:08] Weighted Error Value: White=0.07 (flawless) /Black=0.03 (flawless)} 1/2-1/2

[Event "5th Sharjah Masters 2022"]
[Site "Sharjah"]
[Date "2022.05.26"]
[Round "6.40"]
[White "Farahat, Ali"]
[Black "Saeed, Ishaq"]
[Result "1/2-1/2"]
[ECO "C84"]
[WhiteElo "2381"]
[BlackElo "2397"]
[Annotator "TA"]
[PlyCount "92"]
[EventDate "2022.05.21"]
[EventType "swiss"]
[EventCountry "UAE"]
[SourceTitle "playchess.com"]
[Source "ChessBase"]
[SourceQuality "1"]
[TimeControl "5400+30"]

1. e4 e5 2. Nf3 Nc6 3. Bb5 a6 4. Ba4 Nf6 5. d3 d6 6. c4 Be7 7. O-O O-O {[%emt 0:00:16] C84: Closed Ruy Lopez: Unusual White 6th moves.} 8. h3 Nd7 9. Nc3 Nc5 {[%emt 0:00:33] White has an edge.} 10. Bxc6 bxc6 11. d4 exd4 12. Nxd4 Bd7 13. Be3 Rb8 {[%emt 0:00:47] [#]} 14. Qc2 $146 ({Predecessor:} 14. Qd2 Bf6 15. Rad1 Re8 16. f3 Qc8 17. Nde2 Ne6 18. c5 Nf8 19. b3 d5 20. exd5 Bxc3 21. Nxc3 Bxh3 22. gxh3 Qxh3 {1-0 (33) Gullaksen,E (2337)-Gutierrez Carmona,J (2165) Prague 2020}) 14... Re8 15. Rad1 Qc8 16. Nf3 Ne6 17. Rfe1 Nf8 18. Ne2 ({White should try} 18. Bf4 $14) 18... Ng6 19. Ng3 Nh4 20. Nxh4 Bxh4 21. Nf5 Bxf5 22. exf5 c5 23. Bc1 Bf6 24. b3 Qd7 25. Qd3 h6 26. Kf1 Qc6 27. Rxe8+ Rxe8 28. Qd5 Qxd5 29. Rxd5 $11 {[%emt 0:02:40][%mdl 4096] Endgame KRB-KRB} (29. cxd5 $11 {remains equal.} Bc3 30. f3) 29... Bd4 $17 30. Bd2 {[%emt 0:00:05] [#]} Rd8 $1 {[%emt 0:01:44] aiming for ...c6.} 31. Bf4 {[%emt 0:04:29][%cal Ob3b4] [#]} a5 $1 32. f6 Bxf6 33. Rd3 Ra8 34. a4 Bg5 35. Bg3 f5 36. f3 Kf7 37. Be1 Bf6 38. g4 fxg4 ({Better is} 38... f4 $17) 39. hxg4 Bd4 40. f4 c6 41. Ke2 d5 42. Kd1 Ke6 43. Kc2 Kd6 44. Bd2 Ke6 45. Be1 Kd6 46. Bd2 g6 {[%emt 0:01:57] Weighted Error Value: White=0.11 (very precise) /Black=0.10 (very precise)} 1/2-1/2

[Event "5th Sharjah Masters 2022"]
[Site "Sharjah"]
[Date "2022.05.27"]
[Round "7.1"]
[White "Salem, A.R. Saleh"]
[Black "Abdusattorov, Nodirbek"]
[Result "0-1"]
[ECO "B44"]
[WhiteElo "2690"]
[BlackElo "2661"]
[Annotator "TA"]
[PlyCount "64"]
[EventDate "2022.05.21"]
[EventType "swiss"]
[EventCountry "UAE"]
[SourceTitle "playchess.com"]
[Source "ChessBase"]
[SourceQuality "1"]
[TimeControl "5400+30"]

1. e4 c5 2. Nf3 e6 3. d4 cxd4 4. Nxd4 Nc6 5. Nb5 d6 6. c4 Nf6 7. N1c3 a6 8. Na3 Be7 9. Be2 O-O 10. O-O b6 11. Be3 Bb7 12. Qb3 Nd7 13. Rfd1 Nc5 14. Qc2 Bf6 $1 {[%emt 0:06:47] 14...Bf6 scores better than 14...Qc7.} 15. f3 {[%emt 0:02:47] B44: Sicilian: Taimanov: 5 Nb5.} Be5 16. Bf1 f5 {[%emt 0:14:14] [#] aiming for ...fxe4.} 17. f4 $146 {[%emt 0:12:19] Black is slightly better.} ({Predecessor:} 17. exf5 Rxf5 18. Ne2 Qf6 19. Rab1 Bxh2+ 20. Kxh2 Qe5+ 21. Bf4 Rxf4 22. Nxf4 Qxf4+ 23. Kg1 {0-1 (37) Yudasin,L (2595)-Rublevsky,S (2420) Moscow 1991}) 17... Bxc3 18. Qxc3 Nxe4 19. Qb3 Rb8 20. Bxb6 (20. Nb1 $15) 20... Qh4 21. Qe3 (21. g3 $142 Qe7 22. Bg2) 21... e5 $19 22. g3 Qf6 23. Bg2 exf4 24. gxf4 Qg6 (24... Qxb2 25. Bc7 Rbe8 26. Rab1 $14) 25. Nc2 Ne5 26. Qe2 ({Don't blunder} 26. fxe5 $2 f4 27. Qd3 f3 $19) (26. Qh3 $17 {might work better.}) 26... Ng4 27. Rd3 Nef6 {[%emt 0:09:01] Pair of Knights!} 28. Bd4 ({But not} 28. Rxd6 Rfe8 29. Qd2 {[#]} Nxh2 $1 $19) 28... Rfe8 29. Qf1 (29. Qd2) 29... Nh5 {[%emt 0:02:31] White must now prevent ...Bxg2. Black is clearly winning.} 30. Rd2 {[%emt 0:01:37] [#]} Re4 $1 31. Re1 (31. h3 Rxf4) 31... Rxf4 32. Qd3 {[%emt 0:00:24] [#]} Nf2 $1 {[%emt 0:00:26][%mdl 512] Against Qh3. White did not feel at home in the position after the opening.  Weighted Error Value: White=0.90/Black=0.12 (very precise)} 0-1

[Event "5th Sharjah Masters 2022"]
[Site "Sharjah"]
[Date "2022.05.27"]
[Round "7.2"]
[White "Deac, Bogdan-Daniel"]
[Black "Niemann, Hans Moke"]
[Result "1/2-1/2"]
[ECO "C67"]
[WhiteElo "2671"]
[BlackElo "2656"]
[Annotator "TA"]
[PlyCount "62"]
[EventDate "2022.05.21"]
[EventType "swiss"]
[EventCountry "UAE"]
[SourceTitle "playchess.com"]
[Source "ChessBase"]
[SourceQuality "1"]
[TimeControl "5400+30"]

1. e4 e5 2. Nf3 Nc6 3. Bb5 Nf6 4. O-O Nxe4 5. Re1 Nd6 6. Nxe5 Be7 7. Bf1 Nxe5 8. Rxe5 O-O 9. d4 Bf6 10. Re1 Re8 {[%emt 0:00:10] C67: Ruy Lopez: Berlin Defence: 4 0-0 Nxe4.} 11. Bf4 Rxe1 12. Qxe1 Ne8 13. Nc3 Bxd4 14. Nd5 d6 15. Bg5 f6 16. Bh4 {[%emt 0:00:05] aiming for Qe4.} g5 17. Qe4 {[%emt 0:00:53] [#]} Be5 $146 {[%emt 0:02:46] Strongly threatening ...f5.} ({Predecessor:} 17... Bxb2 18. Rb1 Be5 19. f4 gxh4 20. fxe5 dxe5 21. Bc4 Be6 22. Rxb7 Kh8 23. Bd3 Bg8 24. Nxc7 {0-1 (29) Caruana,F (2820)-So,W (2770) Paris 2021}) 18. f4 gxh4 (18... Bxb2 19. Re1 $1 gxh4 20. Bd3 $16) 19. fxe5 dxe5 20. Bd3 Kf8 ({Not} 20... Qd7 21. Qxh4 $1 b5 22. Be4 $18 (22. Nxf6+ Nxf6 23. Qxf6 Bb7 $16)) 21. Rf1 Be6 $1 {[%emt 0:07:29] [#]} 22. Nxf6 {[%emt 0:09:41][%mdl 64] Decoy} Nxf6 23. Qxe5 (23. Qxh4 $5 Qd4+ 24. Qxd4 exd4 25. Rxf6+ Ke7 26. Rh6 $16) 23... Kf7 24. Be2 h3 25. g4 h6 (25... Bxa2 $14 26. b3 (26. g5 Qd5 $11) 26... Qd6 27. Bc4+ Kg7 28. Qg5+ Kh8 29. Qxf6+ Qxf6 30. Rxf6 Rd8) 26. g5 $36 {[%emt 0:00:20][%mdl 2048] White has strong initiative. White is more active.} hxg5 {[%emt 0:00:09] And now ...g4 would win.} 27. Bh5+ Kg7 {[%emt 0:00:09] [#]} 28. Qxg5+ {[%emt 0:00:05] Really sharp!} (28. c3 $1 $16 Bf5 29. Rxf5) 28... Kh8 $11 {[%emt 0:00:07] White must now prevent ...Qd4+. The position is equal.} 29. Qxf6+ ({Don't play} 29. Rxf6 Qd4+ 30. Kf1 Bc4+ 31. Ke1 Qe4+ 32. Kf2 Qxc2+ 33. Kg3 Qg2+ 34. Kh4 Qxg5+ 35. Kxg5 Rg8+ 36. Kh6 Bxa2 $15) 29... Qxf6 30. Rxf6 Rg8+ 31. Kf1 Bxa2 {[%emt 0:04:00] Weighted Error Value: White=0.09 (flawless) /Black=0.09 (flawless)} 1/2-1/2

[Event "5th Sharjah Masters 2022"]
[Site "Sharjah"]
[Date "2022.05.27"]
[Round "7.3"]
[White "Martirosyan, Haik M."]
[Black "Gupta, Abhijeet"]
[Result "1/2-1/2"]
[ECO "D23"]
[WhiteElo "2652"]
[BlackElo "2606"]
[Annotator "TA"]
[PlyCount "109"]
[EventDate "2022.05.21"]
[EventType "swiss"]
[EventCountry "UAE"]
[SourceTitle "playchess.com"]
[Source "ChessBase"]
[SourceQuality "1"]
[TimeControl "5400+30"]

1. d4 d5 2. c4 c6 3. Nf3 Nf6 4. Qb3 dxc4 5. Qxc4 Bf5 6. g3 e6 7. Bg2 Be7 8. O-O {[%emt 0:00:17] D23: Queen's Gambit Accepted: 3 Nf3 Nf6 sidelines.} O-O 9. Nbd2 Nbd7 10. Qb3 {[%emt 0:00:52] The position is equal.} Qb6 11. Nc4 Qa6 12. Bf4 Nb6 13. Bd6 Qxc4 (13... Bxd6 {feels hotter.} 14. Nxd6 Rfd8 15. Nxf5 exf5 16. Ne5 Nbd5) 14. Qxc4 Nxc4 15. Bxe7 Rfe8 16. Bxf6 gxf6 17. Rfc1 {[%emt 0:00:56] [#]} Nd6 $146 ({Predecessor:} 17... Nb6 18. Nd2 e5 19. dxe5 fxe5 20. Ne4 Bxe4 21. Bxe4 Rad8 22. Kf1 Rd4 23. Bc2 Red8 {½-½ (70) Solovyov,V (2266)-Airapetian,G (2502) St Petersburg 2014}) 18. h3 Be4 19. Nd2 Bxg2 20. Kxg2 Rad8 21. Nb3 e5 22. e3 exd4 23. Nxd4 Re5 24. Rc2 Nf5 25. Nf3 Ra5 ({Less strong is} 25... Rxe3 26. Rc5 Rxf3 27. Kxf3 $16) 26. a4 Ne7 27. b4 Rad5 28. b5 cxb5 29. axb5 Rxb5 30. Rxa7 Nc6 {[%emt 0:00:22] Against Nd4} 31. Ra4 f5 32. Rac4 Rdd5 33. Ng1 Ne5 34. Rc7 Rb1 35. Nf3 (35. Ra2 {is interesting.} Rdd1 36. Nf3 Nd3 37. Rc4) 35... Nxf3 36. Kxf3 $14 {[%emt 0:00:39][%mdl 4096] Endgame KRR-KRR} Rbb5 37. Re7 {[%emt 0:06:51] aiming for Rc8+.} Re5 38. Rc8+ Kg7 39. Rec7 Re6 40. Rd7 b6 41. Rcc7 Rf6 42. Rb7 Rc5 43. Rd4 Rb5 44. h4 {[%emt 0:01:43] White is more active.} Rc6 45. Rdd7 Rf6 46. Rdc7 Rb2 47. Re7 Rb5 48. Rbc7 Kf8 49. Red7 Kg7 50. Rd8 Re6 51. Rcc8 Rg6 52. Rg8+ Kh6 53. Rgd8 Kg7 $1 54. Rg8+ Kh6 $1 55. Rgd8 {[%emt 0:00:06] Weighted Error Value: White=0.10 (very precise) /Black=0.05 (flawless)} (55. Rge8 $16) 1/2-1/2

[Event "5th Sharjah Masters 2022"]
[Site "Sharjah"]
[Date "2022.05.27"]
[Round "7.4"]
[White "Gukesh D"]
[Black "Yilmaz, Mustafa"]
[Result "1/2-1/2"]
[ECO "C45"]
[WhiteElo "2659"]
[BlackElo "2631"]
[Annotator "TA"]
[PlyCount "69"]
[EventDate "2022.05.21"]
[EventType "swiss"]
[EventCountry "UAE"]
[SourceTitle "playchess.com"]
[Source "ChessBase"]
[SourceQuality "1"]
[TimeControl "5400+30"]

1. e4 e5 2. Nf3 Nc6 3. d4 exd4 4. Nxd4 Nf6 5. Nxc6 bxc6 6. e5 Qe7 7. Qe2 Nd5 8. c4 Ba6 9. h4 {[%emt 0:00:07] C45: Scotch Game.} Nb6 (9... O-O-O $15) 10. Nd2 {[%emt 0:00:53] [#]} d5 $146 ({Predecessor:} 10... Qe6 11. b3 d6 12. Bb2 dxe5 13. Qxe5 Qxe5+ 14. Bxe5 O-O-O 15. O-O-O f6 16. Bc3 Bc5 {1-0 (55) Salem,A (2051)-Al Zaabi,S (2033) Ajman 2019}) 11. exd6 $1 {[%emt 0:04:23] White has an edge.} cxd6 12. Rh3 {[%emt 0:04:38] [#] And now Re3 would win.} Qxe2+ (12... O-O-O {seems wilder.} 13. Ra3 Bb7 14. Nb3 Re8) 13. Bxe2 d5 14. Re3+ Kd8 15. cxd5 Bxe2 16. Rxe2 Nxd5 17. Nc4 f6 18. Be3 Bb4+ 19. Kf1 Re8 20. a3 (20. Rc1 $14) 20... Nxe3+ $11 {[%emt 0:03:11] The position is equal.} 21. Nxe3 Bc5 22. Nc4 Rxe2 23. Kxe2 {[%emt 0:00:02][%mdl 4096] Endgame KRB-KRN} Kc7 24. Rc1 Re8+ 25. Kf3 Rd8 26. Na5 Rd5 27. b4 Bb6 28. Nxc6 {[%emt 0:00:15] [#] Ne7+ is the strong threat.} Rd3+ 29. Ke4 Rxa3 30. Nxa7+ Kd7 31. Rd1+ Ke8 $1 32. Nc8 Rb3 33. b5 Rb4+ 34. Kf3 Rb3+ 35. Ke4 {[%emt 0:03:35] Weighted Error Value: White=0.06 (flawless) /Black=0.06 (flawless)} 1/2-1/2

[Event "5th Sharjah Masters 2022"]
[Site "Sharjah"]
[Date "2022.05.27"]
[Round "7.5"]
[White "Ponkratov, Pavel"]
[Black "Erigaisi Arjun"]
[Result "1/2-1/2"]
[ECO "C50"]
[WhiteElo "2624"]
[BlackElo "2675"]
[Annotator "TA"]
[PlyCount "33"]
[EventDate "2022.05.21"]
[EventType "swiss"]
[EventCountry "UAE"]
[SourceTitle "playchess.com"]
[Source "ChessBase"]
[SourceQuality "1"]
[TimeControl "5400+30"]

1. e4 e5 2. Nf3 Nc6 3. Bc4 Nf6 4. d3 Bc5 5. Nc3 h6 6. h3 a6 {[%emt 0:02:39] C50: Hungarian Defence and Giuoco Pianissimo.} 7. a4 d6 8. Ne2 O-O 9. Ng3 Re8 10. O-O d5 11. exd5 Nxd5 12. c3 Be6 {[%emt 0:09:06] [#]} 13. Re1 $146 ({Predecessor:} 13. Qc2 Nf6 14. Bxe6 Rxe6 15. b4 Bf8 16. Be3 Qd5 17. Rfd1 Ree8 18. Ne4 Qe6 19. b5 {½-½ (28) Eljanov,P (2655)-Dominguez Perez,L (2760) Netanya 2019}) 13... Ba7 14. a5 Nf6 {[%emt 0:00:53] The position is equal.} 15. Qa4 Bxc4 16. Qxc4 Qd7 17. Ne4 {[%emt 0:05:05] An interesting draw.  Weighted Error Value: White=0.06 (flawless) /Black=0.02 (flawless)} 1/2-1/2